 Dungeon Crawl Stone Soup version 0.30-a0-462-gd5975efbca (webtiles) character file.

Game seed: 13590602892960434669

34 zishaf the Magician (level 3, -2/28 HPs)
             Began as a Djinni Venom Mage on Dec 16, 2022.
             Slain by an orc wizard
             ... wielding a +0 hand axe
              (3 damage)
             ... on level 4 of the Dungeon.
             The game lasted 00:02:01 (920 turns).

zishaf the Magician (Djinni Venom Mage)              Turns: 920, Time: 00:02:02

Health: -2/28      AC:  2    Str:  7    XL:     3   Next: 50%
Gold:   29         EV: 12    Int: 18    God:
                   SH:  0    Dex: 13

rFire   + + .      SeeInvis .    (no weapon)
rCold   x . .      Faith    .    (no shield)
rNeg    + . .      Spirit   .    a - +0 robe
rPois   ∞          Reflect  .    (no helmet)
rElec   .          Harm     .    (no cloak)
rCorr   .          Rampage  .    (no gloves)
Will    .....                    (boots unavailable)
Stlth   ++........               (no amulet)
HPRegen 0.24/turn                b - ring of positive energy
MPRegen 0.00/turn                (no ring)

@: flying
A: sickness immunity, fire resistance 2, cold vulnerability 1, float, innate
caster, HP casting, extra vitality 1
a: no special abilities


You were on level 4 of the Dungeon.
You visited 1 branch of the dungeon, and saw 3 of its levels.

You collected 29 gold pieces.

Inventory:

Armour
 a - a +0 robe (worn)
Jewellery
 b - a ring of positive energy (left hand)
Potions
 f - a potion of mutation {unknown}
 h - a potion of might {unknown}


   Skills:
 + Level 1.9 Fighting
 - Level 2.1 Dodging
 - Level 1.5 Stealth
 + Level 2.9 Spellcasting


You couldn't memorise any spells.
You knew the following spells:

 Your Spells              Type           Power      Damage    Failure   Level
a - Sting                 Tmut/Pois      52%        1d5       4%          1
b - Poisonous Vapours     Pois/Air       26%        N/A       8%          2
c - Slow                  Hex            52%        N/A       4%          1
z - Mephitic Cloud        Conj/Pois/Air  13%        N/A       14%         3
A - Olgreb's Toxic Radia  Pois           13%        N/A       43%         4
Your spell library was empty.

Dungeon Overview and Level Annotations

Branches:
Dungeon (2/15)             Temple (0/1) D:4

Altars:


Innate Abilities, Weirdness & Mutations

You are immune to sickness and miasma.
You are immune to poison.
Your flesh is very heat resistant. (rF++)
You are vulnerable to cold. (rC-)
You float through the air rather than walking.
You learn spells naturally, not from books.
Your magical power is your life essence.
You have superior vitality. (+4 MHP)


Message History

Aiming: Sting (safe; 4% risk of failure)
Press: ? - help, Shift-Dir - straight line, f/p - orc
Aim: an orc, wielding a +0 whip (71% to hit)
The sting hits the orc.
The orc is poisoned.
The orc is moderately wounded.
The orc hits you with a +0 whip.
Casting: Sting (safe; 4% risk of failure)
Confirm with . or Enter, or press ? or * to list all spells.
Aiming: Sting (safe; 4% risk of failure)
Press: ? - help, Shift-Dir - straight line, f/p - orc
Aim: an orc, wielding a +0 whip (moderately wounded, poisoned, 71% to hit)
The sting hits the orc.
The orc looks even sicker.
The orc is almost dead.
Casting: Sting (safe; 4% risk of failure)
Confirm with . or Enter, or press ? or * to list all spells.
Aiming: Sting (safe; 4% risk of failure)
Press: ? - help, Shift-Dir - straight line, f/p - orc
Aim: an orc, wielding a +0 whip (almost dead, very poisoned, 71% to hit)
The sting hits the orc.
The orc looks even sicker.
You kill the orc!
Something hits you.
Your magical contamination has completely faded away.
Casting: Sting (safe; 4% risk of failure)
Confirm with . or Enter, or press ? or * to list all spells.
Aiming: Sting (safe; 4% risk of failure)
Press: ? - help, Shift-Dir - straight line, f - orc
Aim: an orc, wielding a +0 short sword and wearing a +0 leather armour (71% to hit)
The sting hits the orc but does no damage.
The orc is poisoned.
The orc hits you with a +0 short sword.
* * * LOW HITPOINT WARNING * * *
The orc closely misses you. Something hits you.
* * * LOW HITPOINT WARNING * * *
The orc hits you with a +0 short sword.
* * * LOW HITPOINT WARNING * * *
You hear some strange, mumbled words.
A puff of flame appears from out of thin air!
The puff of flame hits you. You resist.
* * * LOW HITPOINT WARNING * * *
Something hits you.
You die...

..........######...##
..........# ###..#
....>#.#### ##.#
.....#.# #.#
########*##########.#
,,,,,,,,,...........#
,,*,,,*,,.#...#...#.#
_,,,,,,,,.......{o$.#
,,*,,,*,,,*...#.@o###
,,,,,,,,,..........#
*********###########
,,,,,,,* ,***,*** ,*
*,* ,* *,* ,* *,* ,*
*,*


You could see 2 orcs.

Vanquished Creatures
  2 dart slugs (D:1)
  An orc (D:4)
  A ball python (D:1)
  An endoplasm (D:4)
  2 giant cockroaches (D:1)
  4 goblins
  3 hobgoblins (D:1)
  2 quokkas (D:1)
  A bat (D:1)
  2 frilled lizards (D:1)
  5 kobolds
24 creatures vanquished.

Notes
Turn   | Place    | Note
-------+----------+-------------------------------------------
     0 | D:1      | zishaf the Djinni Venom Mage began the quest for the Orb.
     0 | D:1      | zishaf set off with the following spells memorised: Sting,
                  | Poisonous Vapours, Mephitic Cloud, Olgreb's Toxic Radiance.
     0 | D:1      | Reached XP level 1. HP: 15/15 MP: 0/0
   153 | D:1      | Reached XP level 2. HP: 21/22 MP: 0/0
   209 | D:1      | Reached skill level 1 in Fighting
   418 | D:1      | Reached XP level 3. HP: 16/27 MP: 0/0
   418 | D:1      | Learned a level 1 spell: Slow
   855 | D:2      | You are sucked into a shaft and drop 2 floors!
   919 | D:4      | HP: 1/28 [something/puff of flame (2)]
   920 | D:4      | Slain by an orc wizard

Illustrated notes

Levels and vault maps discovered:
D:1:      dpeg_arrival_morbid_curiosity, layout_loops_ring
D:2:      kennysheep_the_goblin_king, layout_loops_ring,
          chequers_ecumenical_altar_island, grunt_ministairs_1,
          patterned_corridor, uniq_jessica
D:4:      layout_basic, lemuel_coloured_pillars_altar,
          minmay_temple_entry_junction, uniq_sigmund, uniq_menkaure

Skill      XL: |  1  2 |
---------------+-------+-----
Fighting       | 1 |  1.9
Dodging        | |  2.1
Stealth        | |  1.5
Spellcasting   | |  2.9

Action                   || total
-------------------------++-------
 Cast: Sting             ||    47
       Poisonous Vapours ||     1
  Use: Scroll            ||     4
Armor: Robe              ||     3
Dodge: Dodged            ||    12

Table legend: (Time is in decaauts)
 A = Elapsed time spent in this place.
 B = Non-inter-level travel time spent in this place.
 C = Inter-level travel time spent in this place.
 D = Time resting spent in this place.
 E = Time spent auto-exploring this place.
 F = Levels seen in this place.
 G = Mean time per level.
                   A        B        C        D        E       F      G
               +--------+--------+--------+--------+--------+-----+--------+
         Total |    919 |    915 |      4 |      0 |    750 |   3 |  306.3 |
       Dungeon |    919 |    915 |      4 |      0 |    750 |   3 |  306.3 |
               +--------+--------+--------+--------+--------+-----+--------+

Top non-repeatable levels by time:
     D:1: 854 daAuts
     D:4: 64 daAuts
